 Dungeon Crawl Stone Soup version 0.29.0-4-gdea44cf6ec (webtiles) character file.

Game seed: 18289355803735600567

192 qw the Chopper (level 5, -10/30 HPs)
             Began as a Tengu Warper on Aug 28, 2022.
             Mangled by an ogre
             ... wielding a +0 giant club
              (11 damage)
             ... on level 5 of the Dungeon.
             The game lasted 00:00:20 (2819 turns).

qw the Chopper (Tengu Warper)                       Turns: 2819, Time: 00:00:21

Health: -10/30     AC: 11    Str: 13    XL:     5   Next: 71%
Magic:  0/9        EV:  4    Int: 14    God:
Gold:   116        SH:  0    Dex: 13    Spells: 8/8 levels left

rFire   . . .      SeeInvis .   f - +0 hand axe (vamp)
rCold   . . .      Faith    .   (no shield)
rNeg    . . .      Spirit   +   g - +0 plate armour
rPois   .          Reflect  .   (helmet restricted)
rElec   .          Harm     .   (no cloak)
rCorr   .          Rampage  .   j - +0 pair of gloves
Will    .....                   (boots unavailable)
Stlth   ..........              e - amulet of guardian spirit
HPRegen 0.10/turn               (no ring)
MPRegen 0.11/turn               (no ring)

@: flying quickly and evasively, quick
A: beak, talons 3, nimble flight
a: no special abilities


You were on level 5 of the Dungeon.
You visited 1 branch of the dungeon, and saw 5 of its levels.

You collected 116 gold pieces.


Innate Abilities, Weirdness & Mutations

You have a beak for a mouth.
You have claws for feet.
Your magical nature lets you fly swiftly and evasively.


   Skills:
 - Level 2.0 Fighting
 - Level 6.1 Axes
 - Level 1.0 Throwing
 + Level 2.0 Armour
 - Level 2.1 Dodging
 - Level 2.0 Spellcasting
 - Level 2.4 Translocations


You had 8 spell levels left.
You didn't know any spells.
Your spell library contained the following spells:

 Spells                   Type           Power      Damage    Failure   Level
 Blink                    Tloc           16%        N/A       100%        2
 Gell's Gravitas          Tloc           8%         N/A       100%        3
 Lesser Beckoning         Tloc           8%         N/A       100%        3
 Teleport Other           Tloc           8%         N/A       100%        3
 Manifold Assault         Tloc           8%         N/A       100%        5

Inventory:

Hand Weapons
 b - a +0 morningstar of draining
 f - a +0 vampiric hand axe (weapon)
Armour
 g - a +0 plate armour (worn)
 j - a +0 pair of gloves (worn)
Jewellery
 e - an amulet of guardian spirit (around neck)
 m - a ring of fire
Scrolls
 l - a scroll of identify
Potions
 a - a potion of mutation
 c - a potion of curing
 d - a potion of resistance {unknown}
 k - a potion of lignification {unknown}

Dungeon Overview and Level Annotations

Branches:
Dungeon (4/15)
 Temple: D:4-7

Altars:
Cheibriados
Xom

Shops:
D:3 [


Message History

The iguana is severely wounded.
The iguana barely misses you.
You hit the iguana.
You feel better.
The iguana is severely wounded.
The iguana splashes around in the water.
You hit the iguana but do no damage. Your kick misses the iguana.
Your peck misses the iguana.
The iguana is severely wounded.
The iguana bites you.
You hit the iguana but do no damage.
The iguana is severely wounded.
The iguana bites you.
You hit the iguana but do no damage. You claw the iguana.
You kill the iguana!
Your Axes skill increases to level 6!
You start resting.
Magic restored.
You start resting.
HP restored.
An ogre comes into view. It is wielding a +0 giant club.
The ogre shouts!
Enter note: You barely miss the ogre.
You claw the ogre, but do no damage. You peck the ogre.
The ogre is lightly wounded.
The ogre hits you with a +0 giant club!!
Ouch! That really hurt!
You hit the ogre. Your kick misses the ogre.
You peck the ogre, but do no damage.
The ogre is lightly wounded.
The ogre hits you with a +0 giant club!
You hit the ogre.
The ogre is moderately wounded.
You hit the ogre but do no damage. Your peck misses the ogre.
The ogre is moderately wounded.
The ogre hits you with a +0 giant club.
You hit the ogre. You claw the ogre.
The ogre is heavily wounded.
The ogre hits you with a +0 giant club!
You die...

... .. .. ##. #..
#.################
#.#..........~~~..
#..###@#.#....###~~~~~.
......O.........#_~~.~~.
......#.#.#.######~~~~~.
......#.#.#...)..#+~%~.#
..... #...............##
..... #...............#
.... #...............#
###+ ##..............#
#..............#


You could see an ogre.

Vanquished Creatures
  A hound (D:5)
  An iguana (D:5)
  Robin (D:2)
  A gnoll (D:1)
  3 adders
  A worm (D:2)
  A dart slug (D:5)
  5 orcs
  7 endoplasms
  A giant cockroach (D:1)
  5 hobgoblins
  7 jackals
  3 quokkas
  2 ball pythons
  6 bats
  5 frilled lizards
  17 goblins
  2 kobolds (D:4)
  7 rats
76 creatures vanquished.

Notes
Turn   | Place    | Note
-------+----------+-------------------------------------------
     0 | D:1      | qw the Tengu Warper began the quest for the Orb.
     0 | D:1      | Reached XP level 1. HP: 12/12 MP: 4/4
     0 | D:1      | 0 ||| qw: Version: 0.1-a-89-g26bdef1
     0 | D:1      | 0 ||| qw: Game counter: 2258
     0 | D:1      | 0 ||| qw: Always use a shield: true
     0 | D:1      | 0 ||| qw: God list: Okawaru
     0 | D:1      | 0 ||| qw: Allow faded altars: false
     0 | D:1      | 0 ||| qw: Do Orc after D:15 true
     0 | D:1      | 0 ||| qw: Do second Lair branch before Depths: true
     0 | D:1      | 0 ||| qw: Lair rune preference: random
     0 | D:1      | 0 ||| qw: Plans: Normal
     0 | D:1      | 0 ||| PLANNING D:1-11
   189 | D:1      | Reached XP level 2. HP: 17/17 MP: 6/6
   215 | D:1      | Reached skill level 3 in Axes
   485 | D:1      | 485 ||| DROPPING +1 whip of venom.
   580 | D:1      | Found a faded altar of an unknown god.
   670 | D:1      | Reached XP level 3. HP: 21/21 MP: 7/7
  1011 | D:1      | 1011 ||| DROPPING scarf of invisibility.
  1012 | D:1      | 1012 ||| UPGRADING to +0 ring mail.
  1022 | D:1      | 1022 ||| DROPPING +0 leather armour.
  1023 | D:1      | 1023 ||| UPGRADING to amulet of guardian spirit.
  1028 | D:1      | 1028 ||| READING scroll labelled XADYKLA KUWEH.
  1029 | D:1      | 1029 ||| READING scroll labelled YGRADENK HANOIKEE.
  1032 | D:1      | 1032 ||| READING scroll labelled POBETZIB UWUAN.
  1033 | D:1      | 1033 ||| READING scroll labelled UCKARI ZEUNYO.
  1034 | D:1      | 1034 ||| DROPPING scroll of blinking.
  1204 | D:2      | 1204 ||| Stepping ~*~*~tactically~*~*~ (stealth).
  1214 | D:2      | 1214 ||| Stepping ~*~*~tactically~*~*~ (stealth).
  1223 | D:2      | Reached skill level 4 in Axes
  1301 | D:2      | 1301 ||| Stepping ~*~*~tactically~*~*~ (hiding).
  1318 | D:2      | Noticed Robin
  1325 | D:2      | Killed Robin
  1326 | D:2      | Reached XP level 4. HP: 25/26 MP: 6/8
  1347 | D:2      | Reached skill level 5 in Axes
  1717 | D:2      | 1717 ||| UPGRADING to +0 plate armour.
  1727 | D:2      | 1727 ||| DROPPING +0 ring mail.
  1728 | D:2      | 1728 ||| DROPPING +6 ring of intelligence.
  1729 | D:2      | 1729 ||| READING 3 scrolls labelled ZOINEQA BILYSK.
  1730 | D:2      | 1730 ||| READING scroll labelled KIRI ETHEAHUAS.
  1731 | D:2      | 1731 ||| DROPPING 2 scrolls of immolation.
  1739 | D:3      | 1739 ||| STAIRDANCE
  1744 | D:3      | 1744 ||| STAIRDANCE
  1754 | D:3      | 1754 ||| STAIRDANCE
  1784 | D:3      | Found Teamp's Antique Armour Shop.
  1795 | D:3      | 1795 ||| SHOPLISTING shiny plate armour (806 gold, have
                  | 98).
  1893 | D:3      | Found a shimmering altar of Xom.
  1945 | D:3      | 1945 ||| Stepping ~*~*~tactically~*~*~ (stealth).
  1947 | D:3      | 1947 ||| Stepping ~*~*~tactically~*~*~ (stealth).
  1950 | D:3      | 1950 ||| Stepping ~*~*~tactically~*~*~ (stealth).
  1952 | D:3      | 1952 ||| FLEEEEING.
  2086 | D:3      | 2086 ||| Stepping ~*~*~tactically~*~*~ (stealth).
  2327 | D:3      | 2327 ||| UPGRADING to +0 pair of gloves.
  2332 | D:3      | 2332 ||| READING 3 scrolls labelled GEIMPAFUEC.
  2333 | D:3      | 2333 ||| READING scroll labelled DARHING ZEZE.
  2334 | D:3      | 2334 ||| DRINKING 2 white potions.
  2335 | D:3      | 2335 ||| DRINKING 2 coppery potions.
  2436 | D:3      | 2436 ||| READING 2 scrolls of identify.
  2436 | D:3      | 2436 ||| IDENTIFYING golden potion
  2437 | D:3      | 2437 ||| DROPPING potion of ambrosia.
  2446 | D:4      | 2446 ||| STAIRDANCE
  2450 | D:3      | Gained mutation: Your magical nature lets you fly swiftly
                  | and evasively. [Tengu growth]
  2450 | D:3      | Reached XP level 5. HP: 30/30 MP: 9/9
  2452 | D:4      | 2452 ||| STAIRDANCE
  2458 | D:4      | 2458 ||| STAIRDANCE
  2514 | D:4      | 2514 ||| DROPPING +0 flail.
  2530 | D:4      | 2530 ||| Stepping ~*~*~tactically~*~*~ (stealth).
  2532 | D:4      | 2532 ||| Stepping ~*~*~tactically~*~*~ (stealth).
  2533 | D:4      | 2533 ||| Stepping ~*~*~tactically~*~*~ (stealth).
  2534 | D:4      | 2534 ||| Stepping ~*~*~tactically~*~*~ (stealth).
  2546 | D:4      | You are sucked into a shaft and drop 1 floor!
  2546 | D:5      | Entered Level 5 of the Dungeon
  2550 | D:5      | Found a snail-covered altar of Cheibriados.
  2560 | D:5      | 2560 ||| Stepping ~*~*~tactically~*~*~ (stealth).
  2583 | D:5      | Reached skill level 6 in Axes
  2812 | D:5      | Noticed an ogre
  2816 | D:5      | HP: 5/30 [ogre/+0 giant club (11)]
  2818 | D:5      | HP: 1/30 [ogre/+0 giant club (4)]
  2819 | D:5      | Mangled by an ogre

Levels and vault maps discovered:
D:1:      sevenhm_arrival_forest_fort_small_4, layout_loops_ring,
          dreamdust_ecumenical_altar_hidden_monk_grotto
D:2:      layout_loops_ring, uniq_robin
D:3:      layout_rooms, mainiacjoe_overflow_24_doors, serial_shops,
          nicolae_shop_competitors_out_of_business
D:4:      layout_loops_ring, grunt_decor_fettered, uniq_blork_the_orc
D:5:      layout_basic, kennysheep_mini_moat, kennysheep_slug_shrine,
          trog_butcher_becter, grunt_gozag_breadcrumbs,
          minmay_temple_entry_gardened_gates, uniq_menkaure

Skill      XL: |  1  2  3  4  5 |
---------------+----------------+-----
Axes           | 3 4 5 6 |  6.1
Armour         | 2 |  2.0
Fighting       | |  2.0
Throwing       | |  1.0
Dodging        | |  2.1
Spellcasting   | |  2.0
Translocations | |  2.4

Action                   |  1- 3 |  4- 6 || total
-------------------------+-------+-------++-------
Melee: Hand axe          |    74 |   121 ||   195
       Kick              |    11 |    28 ||    39
       Peck              |     5 |    13 ||    18
       Punch             |       |     1 ||     1
Throw: Boomerang         |     7 |       ||     7
       Javelin           |     4 |       ||     4
  Use: Scroll            |     4 |     5 ||     9
       Potion            |       |     2 ||     2
Armor: Leather armour    |    16 |       ||    16
       Ring mail         |     7 |     8 ||    15
       Plate armour      |       |    64 ||    64
Dodge: Dodged            |    39 |    30 ||    69

Table legend:
 A = Non-vault XP
 B = Vault XP
 C = Vault XP percentage of total XP
 D = Non-vault monster count
 E = Vault monster count
 F = Vault count percentage of total count
                 A         B        C        D         E       F
            +---------+---------+-------+---------+---------+-------
      Total |     234 |      41 |  14.9 |      62 |      14 |  18.4
            +---------+---------+-------+---------+---------+-------
        D:1 |      36 |       0 |   0.0 |      15 |       0 |   0.0
        D:2 |      60 |      37 |  38.1 |      21 |      13 |  38.2
        D:3 |      41 |       0 |   0.0 |      20 |       0 |   0.0
        D:4 |       6 |       0 |   0.0 |       3 |       0 |   0.0
        D:5 |      91 |       4 |   4.2 |       3 |       1 |  25.0
            +---------+---------+-------+---------+---------+-------
